AoeStats
← Salivan

Glade

510564628Analyzed
1v1 RM · 2d ago on Oct 1, 2026· 38m 0s· 2 players
Game mode
Random Map
Map size
Tiny (2 player)
Population
200
Speed
Normal
Resources
Standard
Victory
Conquest
Starting age
Dark Age
Ending age
Imperial Age
RankedLock teamsTeams togetherTeam positionsShared explorationLock speedFull tech treeHidden civsTurbo modeCheats
Victory
Defeat
🇩🇪 Lithuanians · Germany
1016
+16
🇷🇺 Berbers · Russia
1022
-16
Flügelhuso
11:23 Feudal Age
16:30 Castle Age
14:58 Double-Bit Axe
14:54 Horse Collar
21:54 Scale Mail Armor
22:05 Forging
22:09 Bow Saw
22:04 Gold Mining
24:29 Chain Mail Armor
24:50 Iron Casting
24:37 Squires
24:01 Man-at-Arms
24:14 Pikeman
24:47 Arson
25:57 Long Swordsman
31:58 Wheelbarrow
33:18 Hand Cart
34:30 Hand Cart
Salivan
10:08 Feudal Age
10:16 Man-at-Arms
10:54 Double-Bit Axe
10:51 Horse Collar
20:02 Castle Age
18:46 Bloodlines
19:51 Wheelbarrow
20:57 Bow Saw
20:48 Heavy Plow
23:09 Hand Cart
24:35 Stone Mining
24:35 Gold Mining
24:58 Husbandry
27:20 Stone Shaft Mining
28:23 Fletching
29:19 Thumb Ring
29:18 Bodkin Arrow
33:50 Loom
37:15 Imperial Age
Connection lost

Rejoining the realm…

Still unreachable

The connection could not be restored.

Session expired

The server has moved on; the page needs a fresh start.